 Dungeon Crawl Stone Soup version 0.18-a0-1507-g69458e0 (webtiles) character file.

3866 Bzzz the Cleaver (level 9, 0/81 HPs)
             Began as a Minotaur Fighter on Mar 5, 2016.
             Was an Elder of Okawaru.
             Killed by divine providence
             ... invoked by a smoke demon
              (13 damage)
             ... on level 1 of the Abyss.
             The game lasted 00:22:46 (7690 turns).

Bzzz the Cleaver (Minotaur Fighter)                 Turns: 7690, Time: 00:22:46

Health: 0/81       AC: 13    Str: 23    XL:     9   Next: 99%
Magic:  9/9        EV:  8    Int: 11    God:    Okawaru [****..]
Gold:   264        SH: 11    Dex:  6    Spells: 0 memorised, 8 levels left

rFire  + . .     SeeInvis .     p - +11 mace of Dithmenos's Supremacy {venom, rPois Int+6 Dex-5}
rCold  . . .     Gourm    .     z - +0 chain mail {rF+}
rNeg   . . .     Faith    .     c - +1 shield
rPois  +         Spirit   .     (helmet restricted)
rElec  .         Dismiss  .     (no cloak)
rCorr  .         Reflect  .     m - +1 pair of gloves
SustAt +         Harm     .     (no boots)
MR     .....                    g - amulet of rage
Stlth  ..........               w - ring of flight
                                k - ring of sustain attributes

@: about to teleport, not resistant to hostile enchantments, extremely
unstealthy
A: retaliatory headbutt, horns 2
a: Heroism, Renounce Religion, Evoke Berserk Rage, Evoke Flight


You were on level 1 of the Abyss.
You worshipped Okawaru.
Okawaru was greatly pleased with you.
You were not hungry.

You visited 1 branch of the dungeon, and saw 8 of its levels.
You visited the Abyss 1 time.

You collected 264 gold pieces.

Inventory:

Hand Weapons
 a - a +1 war axe
 d - a cursed -1 mace
 p - the +11 mace of Dithmenos's Supremacy (weapon) {venom, rPois Int+6 Dex-5}
   (You found it on level 4 of the Dungeon)

   It poisons the flesh of those it strikes.
   It affects your intelligence (+6).
   It affects your dexterity (-5).
   It protects you from poison.
Missiles
 s - 2 throwing nets (quivered)
Armour
 c - a +1 shield (worn)
 m - a +1 pair of gloves (worn)
 z - a +0 chain mail of fire resistance (worn)
 F - a +0 plate armour
Jewellery
 e - an uncursed amulet of faith
 g - an amulet of rage (around neck)
 k - a ring of sustain attributes (left hand)
 w - a ring of flight (right hand)
Wands
 q - a wand of flame (23/48)
 A - a wand of iceblast (4/15)
 B - a wand of teleportation (4/9)
 I - a wand of confusion (35/48)
Scrolls
 h - 4 scrolls of teleportation
 n - 2 scrolls of magic mapping
 t - 3 scrolls of remove curse
 y - 2 scrolls of immolation
 D - a scroll of enchant weapon
 J - a scroll of amnesia
Potions
 b - 2 potions of cure mutation
 l - 2 potions of flight
 r - a potion of heal wounds {unknown}
 v - a potion of curing
 x - a potion of experience {unknown}
 C - 2 potions of cancellation
Comestibles
 f - 9 bread rations
 i - a royal jelly
 j - 6 meat rations
 E - 4 fruits
 H - a slice of pizza


   Skills:
 + Level 7.8 Fighting
 * Level 9.6(10.0) Axes
 + Level 4.3(7.5) Maces & Flails
 + Level 7.6 Armour
 + Level 5.6 Dodging
 + Level 7.6 Shields
 + Level 2.3 Invocations


You had 8 spell levels left.
You didn't know any spells.

Dungeon Overview and Level Annotations

Branches:
Dungeon (8/15)             Temple (0/1) D:7
   Lair: D:8-11

Altars:
Cheibriados
Elyvilon
Kikubaaqudgha
Nemelex Xobeh
Okawaru
Ru
Sif Muna
Yredelemnul
The Shining One

Annotations:
D:8 Maurice


Innate Abilities, Weirdness & Mutations

You reflexively headbutt those who attack you in melee.
You have a pair of horns on your head.


Message History

You block the tentacled starspawn's attack.
The tentacled starspawn splashes around in the water.
The starspawn tentacle constricts you.
A small abomination comes into view.
You escape the starspawn tentacle's grasp.
The quasit splashes around in the water.
You block the quasit's attack. The quasit closely misses you.
The quasit splashes around in the water. x3
You block the smoke demon's attack.
The smoke demon hits you but does no damage. x2
The starspawn tentacle grabs you.
* * * LOW HITPOINT WARNING * * *
The starspawn tentacle constricts you. The quasit barely misses you.
You furiously retaliate!
You headbutt the quasit.
The quasit splashes around in the water.
The quasit claws you but does no damage.
You escape the starspawn tentacle's grasp.
The smoke demon gestures at you. Something smites you!
You die...

% .# ≈≈.#
#. ≈..# #≈
...# # #
###≈ ...##
#.#≈≈≈
.#...
.##≈≈≈##..#
##.##≈w@#x#
.....│5≈3#
#
.#...│wX###
# .
#.##.≈V≈#
#.# # .
.#..##.#
#### .
...#.#..#
... # #?.#.
.#. # #.
..#.. .
.### .
......# .#
. .


You could see a tentacled starspawn, a smoke demon, 2 starspawn tentacles and a
quasit.

Vanquished Creatures
  The ghost of Mulkerokala the Firebug, a novice DrFE of Ashenzari (D:8)
  The ghost of Fv001 the Cudgeler, a novice GrFi of Cheibriados (D:6)
  Psyche (D:8)
  Grinder (D:3)
  An orc warrior (D:7)
  An ice beast (D:6)
  A wasp (D:8)
  2 centaurs
  3 ogres (D:5)
  5 giant frogs
  2 scorpions
  2 howler monkeys
  2 crimson imps (D:7)
  2 jellies
  A centaur skeleton (D:4)
  6 hounds
  2 orc priests (D:7)
  Crazy Yiuf (D:4)
  4 giant frog skeletons
  8 orc wizards
  2 iguanas
  Terence (D:2)
  7 worker ants
  Ijyb (D:3)
  A howler monkey skeleton (D:4)
  A howler monkey zombie (D:6)
  A worker ant zombie (D:5)
  4 gnolls
  10 adders
  A shadow imp (D:7)
  2 oozes
  3 adder skeletons (D:4)
  A worm (D:2)
  A giant gecko (D:3)
  26 orcs
  A ball python (D:1)
  3 giant cockroaches
  3 goblins (D:3)
  8 hobgoblins
  3 quokkas
  4 bats
  3 giant newts
  A goblin skeleton (D:7)
  2 goblin zombies (D:7)
  2 hobgoblin zombies (D:7)
  3 kobolds
  2 kobold skeletons (D:7)
  An orc zombie (D:7)
  A quokka skeleton (D:4)
  5 rats
  2 bushes (D:1)
153 creatures vanquished.

Vanquished Creatures (others)
  2 fungi (D:4)
  2 starspawn tentacles (Abyss:1)
  9 starspawn tentacle segments (Abyss:1)
13 creatures vanquished.

Grand Total: 166 creatures vanquished

Notes
Turn   | Place    | Note
--------------------------------------------------------------
     0 | D:1      | Bzzz the Minotaur Fighter began the quest for the Orb.
     0 | D:1      | Reached XP level 1. HP: 19/19 MP: 0/0
   247 | D:1      | Reached XP level 2. HP: 24/27 MP: 1/1
  1442 | D:2      | Reached XP level 3. HP: 33/33 MP: 2/2
  1464 | D:2      | Noticed Terence
  1474 | D:2      | Killed Terence
  1474 | D:2      | Reached skill level 3 in Axes
  1724 | D:2      | Reached XP level 4. HP: 35/40 MP: 3/3
  1797 | D:2      | Reached skill level 1 in Dodging
  1904 | D:2      | Found an iron altar of Okawaru.
  1904 | D:2      | Found a sacrificial altar of Ru.
  1914 | D:2      | Became a worshipper of Warmaster Okawaru
  2184 | D:3      | Noticed Grinder
  2187 | D:3      | Paralysed by Grinder for 3 turns
  2207 | D:3      | Paralysed by Grinder for 4 turns
  2213 | D:3      | Killed Grinder
  2213 | D:3      | Reached * piety under Okawaru
  2213 | D:3      | Reached skill level 4 in Axes
  2213 | D:3      | Reached XP level 5. HP: 27/47 MP: 4/4
  2213 | D:3      | Reached XP level 6. HP: 31/55 MP: 5/5
  2453 | D:3      | Noticed Ijyb
  2466 | D:3      | Killed Ijyb
  2810 | D:3      | Reached skill level 5 in Axes
  2815 | D:3      | Found a sparkling altar of Nemelex Xobeh.
  2967 | D:3      | Found a sacrificial altar of Ru.
  2973 | D:3      | Reached skill level 5 in Armour
  2997 | D:3      | Reached skill level 5 in Shields
  3205 | D:4      | Reached skill level 5 in Fighting
  3641 | D:4      | Noticed Crazy Yiuf
  3643 | D:4      | Got a fine mace
  3647 | D:4      | Killed Crazy Yiuf
  3647 | D:4      | Reached XP level 7. HP: 51/61 MP: 6/6
  3793 | D:4      | Identified the +11 mace of Dithmenos's Supremacy {venom, rPois Int+6 Dex-5} (You found it on level 4 of the Dungeon)
  3948 | D:4      | Reached skill level 6 in Axes
  4113 | D:4      | Got a pearl-encrusted leather armour
  4124 | D:4      | Identified the +1 leather armour of the Spider Nest {rF+ MR- rCorr Str+7} (You found it on level 4 of the Dungeon)
  4214 | D:4      | Got a distressingly furry ring mail
  4225 | D:4      | Identified the +5 ring mail "Zown" {rF+ Str+2 Dex-5} (You found it on level 4 of the Dungeon)
  4225 | D:4      | Lost dexterity.
  4657 | D:4      | Found a deep blue altar of Sif Muna.
  4657 | D:4      | Found a white marble altar of Elyvilon.
  4658 | D:4      | Found an ancient bone altar of Kikubaaqudgha.
  4766 | D:5      | Entered Level 5 of the Dungeon
  4796 | D:5      | Reached ** piety under Okawaru
  4871 | D:5      | Reached XP level 8. HP: 70/70 MP: 7/7
  5058 | D:5      | Reached skill level 7 in Axes
  5357 | D:6      | Reached skill level 1 in Maces & Flails
  5580 | D:6      | Reached *** piety under Okawaru
  5628 | D:6      | Noticed Fv001's ghost (novice GrFi)
  5637 | D:6      | Killed Fv001's ghost
  5637 | D:6      | Reached skill level 8 in Axes
  5637 | D:6      | Reached XP level 9. HP: 78/78 MP: 8/8
  6244 | D:7      | Found a snail-covered altar of Cheibriados.
  6244 | D:7      | Found a basalt altar of Yredelemnul.
  6620 | D:7      | Reached skill level 5 in Dodging
  6715 | D:7      | Reached **** piety under Okawaru
  6720 | D:7      | Found a staircase to the Ecumenical Temple.
  6757 | D:7      | Found a glowing golden altar of the Shining One.
  7027 | D:7      | Reached skill level 1 in Invocations
  7030 | D:7      | Reached skill level 9 in Axes
  7578 | D:8      | Noticed Mulkerokala's ghost (novice DrFE)
  7579 | D:8      | Noticed Maurice
  7601 | D:8      | Noticed Psyche
  7604 | D:8      | Killed Mulkerokala's ghost
  7604 | D:8      | Received a gift from Okawaru
  7608 | D:8      | Killed Psyche
  7616 | D:8      | Cast into level 1 of the Abyss (Maurice)
  7680 | Abyss:1  | Noticed a smoke demon
  7680 | Abyss:1  | Noticed a tentacled starspawn
  7690 | Abyss:1  | Killed from afar by a smoke demon

Vault maps used:
D:1:      erik_arrival_cave_to_civilisation, serial_forest,
          infiniplex_forest_straight_3, infiniplex_forest_lined_3_way,
          infiniplex_forest_lined_3, infiniplex_forest_corner_2,
          infiniplex_forest_clump_medium, infiniplex_forest_clump_medium,
          hangedman_abyss_or_decor_stabs, minmay_misc_feat_tower
D:2:      amethyst_overflow_temple_binary, uniq_terence
D:3:      lemuel_crystal_altar, nicolae_ru_great_annihilating_truth,
          uniq_grinder, uniq_iyjb
D:4:      gammafunk_temple_overflow_forgotten, first_bread,
          cheibrodos_gnoll_hut, uniq_crazy_yiuf_cottage
D:7:      gammafunk_temple_overflow_elements, minmay_temple_entry_overgrown,
          serial_park_tiny_pond, nicolae_tso_besieged_by_evil
D:8:      the_bakery, uniq_maurice, uniq_psyche, uniq_pikel

Skill      XL: |  1  2  3  4  5  6  7  8  9 |
---------------+----------------------------+-----
Fighting       | 4 5 6 7 |  7.8
Armour         | 4 5 6 7 |  7.6
Shields        | 4 5 6 7 |  7.6
Axes           | 3 4 5 6 8 9 |  9.6
Dodging        | 2 3 4 5 |  5.6
Maces & Flails | 2 4 |  4.3
Invocations    | 2 |  2.3

Action                   |  1- 3 |  4- 6 |  7- 9 || total
-------------------------+-------+-------+-------++-------
Melee: War axe           |   124 |    80 |       ||   204
       Mace              |       |       |   237 ||   237
 Abil: Evoke Berserk Rag |       |       |     2 ||     2
  Use: Scroll            |     4 |     6 |     6 ||    16
       Potion            |       |     5 |     2 ||     7
  Eat: Chunk             |     2 |     6 |    16 ||    24
